 Dungeon Crawl Stone Soup version 0.17-a0-1176-g3d5a0d0 (webtiles) character file.

28186 Fluffy the Fighter (level 13, 0/106 HPs)
             Began as a Demonspawn Gladiator on May 30, 2015.
             Was the Champion of Qazlal.
             Succumbed to an orc knight's poison
             ... on level 4 of the Orcish Mines.
             The game lasted 00:58:40 (13347 turns).

Fluffy the Fighter (Demonspawn Gladiator)          Turns: 13347, Time: 00:58:40

Health: 0/106      AC: 27    Str: 23    XL:     13   Next: 8%
Magic:  20/20      EV: 13    Int: 13    God:    Qazlal [******]
Gold:   1711       SH: 11    Dex: 18    Spells: 0 memorised, 12 levels left

rFire  . . .     SeeInvis +     A - +1 great sword (vamp)
rCold  + + +     Clarity  .     p - +5 chain mail
rNeg   + . .     SustAt   .     (no shield)
rPois  +         Gourm    .     (helmet unavailable)
rElec  .         Spirit   .     n - +1 cloak {rPois}
rCorr  .         Warding  +     (no gloves)
rMut   .         Stasis   .     x - +1 pair of boots of Grace {rC++ MR+++ Int+4 Dex-2}
MR     +++..                    I - amulet of warding
Stlth  ..........               B - ring of Nina {+Fly Str+3 Dex+3}
                                r - ring of protection from cold

@: lethally poisoned (0 -> -4), protected from physical damage, very slightly
contaminated, hasted, repel missiles, very quick, extremely resistant to hostile
enchantments, extremely unstealthy
A: antennae 3, large bone plates 2, see invisible, cold resistance 1, spiny 2,
spit poison 1, strong 1
a: Spit Poison, Upheaval, Elemental Force, Disaster Area, Renounce Religion,
Evoke Flight


You were on level 4 of the Orcish Mines.
You worshipped Qazlal.
Qazlal was exalted by your worship.
You were not hungry.

You visited 3 branches of the dungeon, and saw 17 of its levels.
You also visited: Sewer and Bailey.

You collected 1832 gold pieces.
You spent 121 gold pieces at shops.

Inventory:

Hand weapons
 w - a +2 falchion of flaming
 A - a +1 vampiric great sword (weapon)
Missiles
 d - 3 throwing nets (quivered)
Armour
 n - a +1 cloak of poison resistance (worn)
 p - a +5 chain mail (worn)
 x - the +1 pair of boots of Grace (worn) {rC++ MR+++ Int+4 Dex-2}
   (You found it on level 6 of the Dungeon)

   It affects your intelligence (+4).
   It affects your dexterity (-2).
   It greatly protects you from cold.
   It affects your resistance to hostile enchantments.
Jewellery
 r - a ring of protection from cold (left hand)
 B - the ring of Nina (right hand) {+Fly Str+3 Dex+3}
   (You found it in a bailey)

   [ring of dexterity]

   It affects your strength (+3).
   It affects your dexterity (+3).
   It lets you fly.
 I - an amulet of warding (around neck)
Magical devices
 h - a wand of invisibility (9)
 k - a wand of fire (5)
 G - a wand of hasting (4)
 J - a wand of fire (9)
 Q - a wand of confusion (19)
Scrolls
 c - a scroll of magic mapping
 j - 4 scrolls of blinking
 q - 3 scrolls of teleportation
 z - 5 scrolls of remove curse
 F - a scroll of recharging
 H - 2 scrolls of enchant weapon
Potions
 b - 3 potions of might
 g - 3 potions of cure mutation
 l - a potion of mutation
 m - 2 potions of brilliance
 t - 4 potions of cancellation
 v - a potion of agility
Comestibles
 e - 6 bread rations
 f - 2 chunks of flesh
 i - 10 beef jerkies
 u - 7 meat rations
 C - 6 slices of pizza
 D - 18 fruits


   Skills:
 + Level 11.4 Fighting
 + Level 10.8 Long Blades
 - Level 1.7 Throwing
 + Level 10.1 Armour
 + Level 7.8 Dodging
 + Level 10.3 Invocations


You had 12 spell levels left.
You didn't know any spells.

Dungeon Overview and Level Annotations

Branches:
Dungeon (12/15)            Temple (1/1) D:6            Lair (0/8) D:11
    Orc (4/4) D:11
    Elf: Orc:3-4

Altars:
Ashenzari
Cheibriados
Dithmenos
Elyvilon
Fedhas
Gozag
Kikubaaqudgha
Nemelex Xobeh
Okawaru
Qazlal
Ru
Sif Muna
Trog
Vehumet
Xom
Yredelemnul
Zin
The Shining One
Beogh

Shops:
D:6 [   D:10 (   Orc:2 (   Orc:3 =


Innate Abilities, Weirdness & Mutations

You have a pair of large antennae on your head (SInv).
You are mostly covered in large bone plates (AC +3, SH +3).
You are mostly covered in sharp spines.
You have supernaturally acute eyesight.
Your flesh is cold resistant.
You can spit weak poison.
Your muscles are strong. (Str +2)


Message History

You feel sick.
* * * LOW HITPOINT WARNING * * *
You feel sick.
* * * LOW HITPOINT WARNING * * *
You feel sick.
* * * LOW HITPOINT WARNING * * *
You feel sick.
* * * LOW HITPOINT WARNING * * *
You feel sick.
* * * LOW HITPOINT WARNING * * *
You feel sick.
* * * LOW HITPOINT WARNING * * *
You feel sick.
Search for what [Enter for "."]? .
Drink which item? (? for menu, Esc to quit)
It was a potion of mutation.
You feel extremely strange.
You feel stronger.
There is a nasty taste in your mouth for a moment.
You feel resistant to cold.
You die...

##.)).### ##..# ##
#.).#..## ####...###
#.$..#.[....###.#...##.##
....##.$...#.#.....#....#
#...#..(...............#
.......(...............##
...................#....##
......§..............#...#
......§..@§.............##
......§..§...............#
........§.................
.......§.§................
..........................
....##..§..§..............
#...#.....................
##.......)..............#.
#......[..)...............


There were no monsters in sight!

Vanquished Creatures
  A hydra (D:8)
  7 death yaks (D:11)
  A skeletal warrior (D:11)
  4 orc knights
  A hill giant (D:10)
  3 cyclopes (D:11)
  An orc sorcerer (Orc:3)
  2 centaur skeletons
  4 trolls
  2 two-headed ogres
  A trapdoor spider zombie (D:9)
  6 slime creatures (D:12)
  20 yaks
  A human (D:11)
  A wyvern (D:11)
  A deep elf fighter (D:11)
  5 deep elf magi
  4 hippogriffs
  A swamp drake (Orc:2)
  A water moccasin (D:6)
  A black bear (D:6)
  2 phantoms
  3 sky beasts
  8 ogres
  29 orc warriors
  2 ice beasts
  4 centaurs
  11 big kobolds
  A crocodile (D:11)
  8 giant frogs
  A water moccasin zombie (D:5)
  3 scorpions
  6 wights (D:6)
  12 killer bees
  2 jellies
  2 quasits
  3 giant frog zombies
  24 orc priests
  6 crimson imps
  19 orc wizards
  3 centaur zombies
  4 hounds
  2 giant frog skeletons
  5 worker ants
  Natasha (D:4)
  4 iguanas
  An iron imp (Orc:2)
  10 sheep
  A hound zombie (D:5)
  A worker ant zombie (D:4)
  Robin (D:4)
  9 gnolls
  15 adders
  8 river rats
  4 shadow imps
  A white imp (Orc:2)
  7 oozes
  An adder skeleton (D:6)
  2 adder zombies
  6 worms
  164 orcs
  6 ball pythons
  A bat skeleton (D:6)
  A bat zombie (D:8)
  23 hobgoblins
  13 jackals
  31 kobolds
  3 quokkas
  27 bats
  8 giant cockroaches
  7 giant geckos
  5 giant newts
  31 goblins
  36 rats
  7 fungi (D:11)
  2 plants
665 creatures vanquished.

Vanquished Creatures (others)
  A deep elf mage (Orc:2)
  2 humans (D:11)
  3 orc wizards (Orc:2)
  5 orcs (Orc:2)
  A rat (D:11)
  A fungus (D:11)
13 creatures vanquished.

Grand Total: 678 creatures vanquished

Notes
Turn   | Place    | Note
--------------------------------------------------------------
     0 | D:1      | Fluffy the Demonspawn Gladiator began the quest for the Orb.
     0 | D:1      | Reached XP level 1. HP: 16/16 MP: 1/1
    53 | D:1      | Gained mutation: You are partially covered in sharp spines. [demonic ancestry]
    53 | D:1      | Reached XP level 2. HP: 17/23 MP: 2/2
    89 | D:1      | Reached skill level 1 in Armour
   125 | D:1      | Reached skill level 3 in Long Blades
   212 | D:1      | Gained mutation: You are mostly covered in sharp spines. [demonic ancestry]
   212 | D:1      | Reached XP level 3. HP: 28/28 MP: 3/3
   494 | D:2      | Found a basalt altar of Yredelemnul.
  1055 | D:3      | Gained mutation: You are partially covered in large bone plates (AC +2, SH +2). [demonic ancestry]
  1055 | D:3      | Reached XP level 4. HP: 35/35 MP: 4/4
  1165 | D:3      | Found a shadowy altar of Dithmenos.
  1466 | D:3      | Gained mutation: You have a pair of small antennae on your head. [demonic ancestry]
  1466 | D:3      | Reached XP level 5. HP: 22/41 MP: 5/5
  1903 | D:3      | Reached skill level 4 in Long Blades
  1969 | D:3      | Found a blossoming altar of Fedhas.
  2217 | D:4      | You fall through a shaft for 3 floors!
  2217 | D:7      | Noticed an ogre
  2264 | D:6      | Found a glowing drain.
  2278 | Sewer    | Entered a sewer
  2365 | Sewer    | Gained mutation: You have a pair of antennae on your head. [demonic ancestry]
  2365 | Sewer    | Reached XP level 6. HP: 46/48 MP: 6/6
  2574 | Sewer    | Reached skill level 5 in Long Blades
  2574 | Sewer    | Gained mutation: You are mostly covered in large bone plates (AC +3, SH +3). [demonic ancestry]
  2574 | Sewer    | Reached XP level 7. HP: 49/55 MP: 7/7
  2644 | Sewer    | Reached skill level 5 in Fighting
  2952 | D:6      | Found Iseocsoa's Antique Armour Shoppe.
  3008 | D:6      | Noticed a centaur
  3013 | D:6      | Killed a centaur
  3016 | D:6      | Noticed a sky beast
  3023 | D:6      | Noticed an orc warrior
  3026 | D:6      | Killed a sky beast
  3026 | D:6      | Reached skill level 6 in Fighting
  3026 | D:6      | Reached XP level 8. HP: 44/64 MP: 8/8
  3031 | D:6      | Killed an orc warrior
  3169 | D:6      | Got a pair of ichor-stained boots
  3175 | D:6      | Identified the +1 pair of boots of Grace {rC++ MR+++ Int+4 Dex-2} (You found it on level 6 of the Dungeon)
  3269 | D:6      | Found a shattered altar of Ashenzari.
  3273 | D:6      | Saw a vision of the Shoals and the Spider Nest.
  3273 | D:6      | Noticed a siren
  3273 | D:6      | Noticed a sea snake
  3273 | D:6      | Noticed a redback
  3273 | D:6      | Noticed a merfolk
  3273 | D:6      | Noticed a sea snake
  3273 | D:6      | Noticed a redback
  3273 | D:6      | Noticed a wasp
  3273 | D:6      | Noticed a siren
  3273 | D:6      | Noticed a merfolk
  3273 | D:6      | Noticed a wolf spider
  3273 | D:6      | Noticed a hippogriff
  3273 | D:6      | Noticed a trapdoor spider
  3276 | D:6      | Noticed a redback
  3278 | D:6      | Noticed a spider
  3291 | D:6      | Noticed a black bear
  3291 | D:6      | Noticed a phantom
  3299 | D:6      | Killed a black bear
  3299 | D:6      | Reached skill level 5 in Armour
  3316 | D:6      | Killed a phantom
  3393 | D:6      | Reached skill level 7 in Fighting
  3446 | D:6      | Noticed an orc warrior
  3452 | D:6      | Killed an orc warrior
  3471 | D:6      | Found a blossoming altar of Fedhas.
  3572 | D:6      | Found a staircase to the Ecumenical Temple.
  3587 | Temple   | Entered the Ecumenical Temple
  4144 | D:5      | Entered Level 5 of the Dungeon
  4147 | D:5      | Gained mutation: You have a pair of large antennae on your head (SInv). [demonic ancestry]
  4147 | D:5      | Reached XP level 9. HP: 72/72 MP: 9/9
  4464 | D:5      | Found a glowing golden altar of the Shining One.
  4504 | D:5      | Found a shimmering altar of Xom.
  5228 | D:4      | Noticed Natasha
  5233 | D:4      | Killed Natasha
  5243 | D:4      | Noticed Robin
  5254 | D:4      | Killed Robin
  5435 | D:6      | Bought an embroidered cloak for 121 gold pieces
  5451 | D:6      | Gained mutation: You have supernaturally acute eyesight. [potion of beneficial mutation]
  5477 | D:7      | Noticed a centaur
  5481 | D:7      | Killed a centaur
  5506 | D:7      | Killed an ogre
  5627 | D:7      | Reached skill level 8 in Fighting
  5845 | D:7      | Found a shattered altar of Ashenzari.
  6242 | D:8      | Found a stormy altar of Qazlal.
  6259 | D:8      | Became a worshipper of Qazlal Stormbringer
  6397 | D:8      | Reached skill level 1 in Invocations
  6586 | D:8      | Reached XP level 10. HP: 82/82 MP: 11/11
  6612 | D:8      | Noticed a three-headed hydra
  6631 | D:8      | Killed a one-headed hydra
  7148 | D:9      | Acquired Qazlal's first power
  7188 | D:9      | Reached skill level 9 in Fighting
  7241 | D:9      | Reached skill level 5 in Invocations
  7626 | D:10     | Entered Level 10 of the Dungeon
  7741 | D:10     | Noticed a hill giant
  7751 | D:10     | Killed a hill giant
  7751 | D:10     | Reached XP level 11. HP: 71/89 MP: 15/15
  7827 | D:10     | You fall through a shaft for 2 floors!
  7901 | D:12     | Reached skill level 5 in Dodging
  7945 | D:12     | Acquired Qazlal's second power
  8106 | D:12     | HP: 2/89 [titanic slime creature (24)]
  8129 | D:11     | Noticed a death yak
  8129 | D:11     | Noticed a death yak
  8129 | D:11     | Noticed a death yak
  8130 | D:11     | Noticed a death yak
  8261 | D:11     | Noticed a death yak
  8262 | D:11     | Noticed a death yak
  8263 | D:11     | Noticed a death yak
  8304 | D:11     | Found a staircase to the Orcish Mines.
  8535 | D:10     | Reached skill level 10 in Fighting
  8593 | D:10     | Found Vaov's Weapon Shop.
  8906 | D:11     | Acquired Qazlal's third power
  8967 | D:11     | Noticed a skeletal warrior
  9010 | D:11     | Killed a skeletal warrior
  9422 | D:11     | Found a staircase to the Lair.
  9474 | D:11     | Reached XP level 12. HP: 98/98 MP: 18/18
  9487 | D:11     | Got a dazzling whip
  9593 | D:11     | Acquired Qazlal's fourth power
  9593 | D:11     | Reached skill level 10 in Long Blades
  9608 | D:11     | Killed a death yak
  9614 | D:11     | Killed a death yak
  9620 | D:11     | Killed a death yak
  9624 | D:11     | Killed a death yak
 10272 | D:11     | Killed a death yak
 10277 | D:11     | Killed a death yak
 10283 | D:11     | Killed a death yak
 10293 | D:11     | Reached skill level 11 in Fighting
 10442 | Orc:1    | Entered Level 1 of the Orcish Mines
 10476 | Orc:1    | Acquired Qazlal's fifth power
 10519 | Orc:1    | You fall through a shaft!
 10552 | Orc:2    | Found a flagged portal.
 10572 | Bailey   | Entered a bailey
 10977 | Bailey   | Got a sparkling lead ring
 10982 | Bailey   | Identified the ring of Nina {+Fly Str+3 Dex+3} (You found it in a bailey)
 11362 | Bailey   | Reached skill level 10 in Invocations
 11416 | Orc:2    | Found Esomim's Antique Weapon Shop.
 11640 | Orc:2    | Reached skill level 10 in Armour
 12289 | Orc:3    | Found Bysump's Jewellery Emporium.
 12305 | Orc:3    | Found a roughly hewn altar of Beogh.
 12838 | Orc:4    | Entered Level 4 of the Orcish Mines
 12860 | Orc:4    | Reached XP level 13. HP: 106/106 MP: 20/20
 13338 | Orc:4    | HP: 5/106 [poisoned by an orc knight]
 13342 | Orc:4    | HP: 2/106 [poisoned by an orc knight]
 13346 | Orc:4    | Gained mutation: Your muscles are strong. (Str +2) [potion of mutation]
 13346 | Orc:4    | Gained mutation: You can spit weak poison. [potion of mutation]
 13346 | Orc:4    | Gained mutation: Your flesh is cold resistant. [potion of mutation]
 13347 | Orc:4    | Succumbed to an orc knight's poison

Vault maps used:
D:1:      erik_arrival_orb_chamber
D:2:      yredelemnul_altar_generic
D:3:      nicolae_dithmenos_shadow_blocks, fedhas_altar_3
D:4:      nicolae_overflow_hidden_temple, first_bread, uniq_robin, uniq_natasha
D:5:      nicolae_tso_carved_into_rock, tgw_xom, minivault_23, st_stairs_7,
          hangedman_abyss_or_decor_slice
D:6:      hangedman_cross_stitches, lemuel_round_altar,
          minmay_temple_entry_hall, portal_sewer_entry_b, serial_shops,
          nicolae_shop_temple_entry_statues_fountains, grunt_ashenzari_visionary
D:7:      lemuel_round_altar
D:8:      grunt_qazlal_clouds, hangedman_ranch
D:9:      minmay_statues_item, minmay_misc_feat_secret_circle
D:10:     serial_shops, kennysheep_mini, amethyst_killhole,
          hangedman_decor_riveting
D:11:     slaughterhouse, grunt_lair_entry_elf_guard_hut, orc_0_dummy
Temple:   oiseaux_autumnal_temple_12
Orc:2:    enter_bailey_1, serial_shops, shop, hangedman_minor_magic
Orc:3:    basic_altar, serial_shops, shop, nicolae_orc_pool_cavern
Orc:4:    st_orc_pillars
Sewer:    sewer_co_tree
Bailey:   bailey_polearm_4, bailey

Action                   |  1- 3 |  4- 6 |  7- 9 | 10-12 | 13-15 || total
-------------------------+-------+-------+-------+-------+-------++-------
Melee: Long sword        |    69 |       |       |       |       ||    69
       Great sword       |     1 |   118 |   268 |   747 |    73 ||  1207
       Falchion          |       |       |       |     9 |       ||     9
 Abil: Evoke Flight      |       |       |       |     4 |       ||     4
       Stop Flying       |       |       |       |     3 |       ||     3
  Use: Scroll            |       |     6 |    18 |     3 |       ||    27
       Potion            |       |       |     1 |     7 |     2 ||    10
 Stab: Sleeping          |     1 |       |       |       |       ||     1
       Invisible         |       |       |     2 |       |       ||     2
  Eat: Chunk             |       |     6 |    12 |    21 |     2 ||    41
       Pizza             |       |       |     1 |       |       ||     1
       Meat ration       |       |       |       |     1 |       ||     1
